 Dungeon Crawl Stone Soup version 0.29.0-11-gd7f09526c8 (webtiles) character file.

Game seed: 5185811212096854874

1504 SensoryNuts the Slasher (level 8, -9/62 HPs)
             Began as a Demonspawn Fighter on Sept 6, 2022.
             Mangled by Maggie
             ... wielding a +0 broad axe of flaming
              (10 damage)
             ... on level 6 of the Dungeon.
             The game lasted 00:09:31 (5529 turns).

SensoryNuts the Slasher (Demonspawn Fighter)        Turns: 5529, Time: 00:09:31

Health: -9/62      AC: 12    Str: 17    XL:     8   Next: 52%
Magic:  8/8        EV:  9    Int:  9    God:
Gold:   233        SH:  9    Dex: 15    Spells: 7/7 levels left

rFire   . . .      SeeInvis .   a - +4 long sword
rCold   . . .      Faith    .   k - +0 kite shield
rNeg    . . .      Spirit   .   b - +0 scale mail
rPois   .          Reflect  .   (no helmet)
rElec   .          Harm     .   d - +0 cloak
rCorr   .          Rampage  .   j - +1 pair of gloves
Will    .....                   (no boots)
Stlth   ..........              (no amulet)
HPRegen 0.20/turn               (no ring)
MPRegen 0.11/turn               (no ring)

@: brilliant, studying Unarmed Combat
A: icy blue scales 1, condensation shield, demonic magic 1, weakness stinger 1
a: no special abilities


You were on level 6 of the Dungeon.
You visited 1 branch of the dungeon, and saw 6 of its levels.

You collected 233 gold pieces.

Inventory:

Hand Weapons
 a - a +4 long sword (weapon)
 s - a +0 spear
Armour
 b - a +0 scale mail (worn)
 d - a +0 cloak (worn)
 j - a +1 pair of gloves (worn)
 k - a +0 kite shield (worn)
Jewellery
 i - an amulet of magic regeneration
 v - an amulet of the acrobat
Wands
 w - a wand of digging (3)
Scrolls
 c - a scroll of blinking
 e - 2 scrolls of amnesia
 f - 3 scrolls of teleportation
 h - a scroll of immolation
Potions
 g - a potion of curing
 l - a potion of degeneration
 m - 3 potions of attraction
 n - 2 potions of lignification
 o - a potion of haste
 p - a potion of magic
 r - a potion of cancellation
 t - a potion of flight {unknown}
 u - a potion of mutation {unknown}


   Skills:
 + Level 5.3 Fighting
 + Level 6.3 Long Blades
 + Level 4.9 Armour
 + Level 2.5 Dodging
 + Level 0.2 Stealth
 + Level 4.6 Shields


You had 7 spell levels left.
You didn't know any spells.
Your spell library contained the following spells:

 Spells                   Type           Power      Damage    Failure   Level
 Static Discharge         Conj/Air       0%         3-3/arc   99%         2
 Confusing Touch          Hex            0%         N/A       100%        3
 Dispel Undead            Necr           0%         3d6       100%        4
 Sticky Flame             Conj/Fire      0%         2d3       100%        4
 Yara's Violent Unravell  Hex/Tmut       0%         3d3       100%        5
 Enfeeble                 Hex            0%         N/A       100%        7


Dungeon Overview and Level Annotations

Branches:
Dungeon (6/15)
 Temple: D:4-7

Altars:

Annotations:
D:6 Maggie


Innate Abilities, Weirdness & Mutations

You are partially covered in icy blue scales. (AC +2)
A meltable shield of frost defends you. (SH +0)
Spells you cast may paralyse adjacent enemies.
You have a small tail.


Message History

Maggie is heavily wounded.
Maggie closely misses you.
You slash Maggie!
Maggie is heavily wounded.
Maggie barely misses you.
You closely miss Maggie.
Maggie is heavily wounded.
Maggie barely misses you.
You closely miss Maggie.
Maggie is heavily wounded.
Maggie mumbles the words to a spell, but in the wrong order.
Maggie hits you with a +0 broad axe of flaming!
Maggie burns you. Maggie closely misses you.
You barely miss Maggie.
Maggie is heavily wounded.
You block Maggie's attack.
Your magic is already full.
You slash Maggie!
Maggie is severely wounded.
Maggie hits you with a +0 broad axe of flaming.
Maggie burns you.
You hit Maggie.
Maggie is almost dead.
You block Maggie's attack.
You hit Maggie.
Maggie is almost dead.
Maggie barely misses you. You block Maggie's attack.
You closely miss Maggie. You tail-slap Maggie, but do no damage.
Maggie is almost dead.
Maggie gestures wildly while chanting.
Maggie attempts to bespell you! You resist with almost no effort.
You barely miss Maggie. You tail-slap Maggie, but do no damage.
Maggie is almost dead.
Maggie casts a spell at you. The bolt of fire hits you!!
* * * LOW HITPOINT WARNING * * *
You barely miss Maggie.
Maggie is almost dead.
Maggie hits you with a +0 broad axe of flaming!
You die...

#........##
#......)).### ... #
#.....)<....# #...
##
#......#####.......
.## ##[...## ..#
..# ##...# ..# #.#
##..# #.# #.# ##.##
##@# #.# ##.# ##@#
#.# #<####.## #.##
##..#..##
#))######......#
#...##........##
##............#
#........#...#
#........###..#
...###...# ##.#


You could see Maggie.

Vanquished Creatures
  Grinder (D:6)
  Eustachio (D:4)
  A centaur (D:6)
  2 ogres
  A phantom (D:5)
  A kobold brigand (D:4)
  Blork the orc (D:4)
  A bullfrog (D:6)
  A gnoll sergeant (D:4)
  A scorpion (D:5)
  A howler monkey (D:5)
  A hound (D:5)
  A jelly (D:5)
  Crazy Yiuf (D:3)
  A gnoll bouda (D:5)
  An orc priest (D:4)
  2 iguanas
  Ijyb (D:4)
  7 gnolls (D:5)
  6 adders
  A white imp (D:5)
  2 worms (D:3)
  2 dart slugs
  15 orcs
  4 bats
  6 endoplasms
  5 giant cockroaches
  6 hobgoblins
  4 jackals
  3 quokkas
  5 ball pythons
  4 frilled lizards
  12 goblins
  4 kobolds
  4 rats
110 creatures vanquished.

Vanquished Creatures (others)
  2 fungi (D:3)
2 creatures vanquished.

Grand Total: 112 creatures vanquished

Notes
Turn   | Place    | Note
-------+----------+-------------------------------------------
     0 | D:1      | SensoryNuts the Demonspawn Fighter began the quest for the
                  | Orb.
     0 | D:1      | Reached XP level 1. HP: 18/18 MP: 1/1
   232 | D:1      | Reached skill level 2 in Long Blades
   232 | D:1      | Gained mutation: Spells you cast may paralyse adjacent
                  | enemies. [demonic ancestry]
   232 | D:1      | Reached XP level 2. HP: 22/24 MP: 2/2
   433 | D:1      | Found a faded altar of an unknown god.
   554 | D:1      | You fall into a shaft and drop 1 floor!
   933 | D:2      | Gained mutation: You have a small tail. [demonic ancestry]
   933 | D:2      | Reached XP level 3. HP: 26/29 MP: 3/3
  1336 | D:2      | Gained mutation: A meltable shield of frost defends you.
                  | (SH +0) [demonic ancestry]
  1336 | D:2      | Reached XP level 4. HP: 36/37 MP: 4/4
  2464 | D:3      | Found a runed translucent door.
  2465 | D:3      | Noticed Crazy Yiuf
  2476 | D:3      | Killed Crazy Yiuf
  2477 | D:3      | Reached skill level 3 in Long Blades
  2784 | D:4      | Noticed Ijyb
  2798 | D:4      | Killed Ijyb
  2799 | D:4      | Reached XP level 5. HP: 30/42 MP: 5/5
  3020 | D:4      | Reached XP level 6. HP: 30/49 MP: 6/6
  3172 | D:4      | Noticed Blork the orc
  3181 | D:4      | Killed Blork the orc
  3194 | D:4      | Noticed Eustachio
  3227 | D:4      | Killed Eustachio
  3228 | D:4      | Reached skill level 4 in Long Blades
  3228 | D:4      | Reached skill level 1 in Dodging
  3470 | D:4      | Reached XP level 7. HP: 25/55 MP: 7/7
  3884 | D:5      | Entered Level 5 of the Dungeon
  4286 | D:5      | Reached skill level 5 in Long Blades
  4356 | D:5      | HP: 2/55 [gnoll sergeant/+4 spear of flaming (3)]
  4362 | D:5      | HP: 2/55 [gnoll sergeant/+4 spear of flaming (1)]
  5029 | D:5      | Gained mutation: You are partially covered in icy blue
                  | scales. (AC +2) [demonic ancestry]
  5029 | D:5      | Reached XP level 8. HP: 61/61 MP: 8/8
  5034 | D:5      | Reached skill level 5 in Fighting
  5378 | D:6      | Noticed Grinder
  5467 | D:6      | Paralysed by Grinder for 3 turns
  5480 | D:6      | Paralysed by Grinder for 2 turns
  5483 | D:6      | Killed Grinder
  5484 | D:6      | Reached skill level 6 in Long Blades
  5509 | D:6      | Noticed Maggie
  5528 | D:6      | HP: 1/62 [Maggie/bolt of fire (26)]
  5529 | D:6      | Mangled by Maggie

Illustrated notes

Levels and vault maps discovered:
D:1:      wander_arrival_desolate, layout_rooms,
          shapermc_ecumenical_altar_mp_ritualfount,
          chequers_serial_rivers_room_a
D:2:      layout_basic
D:3:      layout_loops_ring, good_gods_mini_temple, uniq_crazy_yiuf_cottage
D:4:      layout_basic, minmay_manual_mess, uniq_blork_the_orc, uniq_ijyb,
          uniq_eustachio
D:5:      layout_rooms
D:6:      layout_layer_cave, uniq_grinder, uniq_maggie

Skill      XL: |  1  2  3  4  5  6  7  8 |
---------------+-------------------------+-----
Long Blades    | 2 3 4 5 6 |  6.3
Shields        | 3 4 |  4.6
Armour         | 3 4 |  4.9
Fighting       | 4 5 |  5.3
Dodging        | 1 2 |  2.5
Stealth        | |  0.2

Action                   |  1- 3 |  4- 6 |  7- 9 || total
-------------------------+-------+-------+-------++-------
Melee: Long sword        |    86 |   126 |   154 ||   366
       Tailslap          |     2 |    16 |    16 ||    34
  Use: Scroll            |       |    13 |     3 ||    16
       Potion            |       |     4 |    11 ||    15
Armor: Scale mail        |    51 |    54 |    59 ||   164
       Skin              |       |       |    17 ||    17
Dodge: Dodged            |    44 |    52 |    60 ||   156
Block: Buckler           |    25 |    65 |    40 ||   130
       Kite shield       |       |       |    72 ||    72
